 Dungeon Crawl Stone Soup version 0.29.1-15-g9cfb28693d (webtiles) character file.

Game seed: 6374418851848462836

64 Mickster the Trooper (level 4, 0/40 HPs)
             Began as a Ghoul Monk on Apr 2, 2023.
             Slain by a sky beast (4 damage)
             ... on level 3 of the Dungeon.
             The game lasted 00:16:52 (1763 turns).

Mickster the Trooper (Ghoul Monk)                   Turns: 1763, Time: 00:16:52

Health: 0/40       AC:  9    Str: 16    XL:     4   Next: 12%
Magic:  3/3        EV:  7    Int:  5    God:
Gold:   83         SH:  0    Dex: 11    Spells: 3/3 levels left

rFire   . . .      SeeInvis .   a - +0 hand axe
rCold   + . .      Faith    .   (no shield)
rNeg    + + +      Spirit   .   i - +0 chain mail
rPois   ∞          Reflect  .   (no helmet)
rElec   .          Harm     .   (no cloak)
rCorr   .          Rampage  .   (no gloves)
Will    .....                   g - +0 pair of boots
Stlth   ..........              (no amulet)
HPRegen 0.00/turn               (no ring)
MPRegen 0.08/turn               (no ring)

@: inhibited regen
A: claws 1, cold resistance 1, negative energy resistance 3, inhibited
regeneration, torment resistance 2, devour on kill
a: no special abilities


You were on level 3 of the Dungeon.
You visited 1 branch of the dungeon, and saw 3 of its levels.

You collected 83 gold pieces.

Inventory:

Hand Weapons
 a - a +0 hand axe (weapon)
 k - a +0 triple sword
Missiles
 d - 29 stones (quivered)
Armour
 b - a +0 robe
 g - a +0 pair of boots (worn)
 h - a +0 ring mail
 i - a +0 chain mail (worn)
Scrolls
 e - a scroll of teleportation
 f - 4 scrolls of identify
Potions
 c - a potion of ambrosia
 j - a potion of curing
 l - a potion of berserk rage {unknown}
 m - 2 potions of cancellation {unknown}


   Skills:
 + Level 4.1 Fighting
 * Level 1.0 Long Blades
 - Level 3.2 Axes
 + Level 0.7 Armour
 + Level 2.9 Dodging
 + Level 2.3 Stealth


You had 3 spell levels left.
You didn't know any spells.
Your spell library contained the following spells:

 Spells                   Type           Power      Damage    Failure   Level
 Summon Small Mammal      Summ           0%         N/A       100%        1
 Call Canine Familiar     Summ           0%         N/A       100%        3
 Summon Guardian Golem    Hex/Summ       0%         N/A       100%        3


Dungeon Overview and Level Annotations

Branches:
Dungeon (3/15)

Altars:


Innate Abilities, Weirdness & Mutations

You are immune to poison.
You have sharp fingernails.
Your flesh is cold resistant. (rC+)
You are immune to negative energy. (rN+++)
You do not regenerate when monsters are visible.
You are immune to unholy pain and torment.
You thrive by killing the living.


Message History

You feel better.
The sky beast hits you but does no damage.
a - a +0 hand axe (weapon)
You hit the sky beast.
The sky beast is moderately wounded.
The sky beast hits you but does no damage.
You hit the sky beast.
The sky beast is moderately wounded.
The sky beast barely misses you. x2
You closely miss the sky beast.
The sky beast is moderately wounded.
The sky beast hits you but does no damage.
You barely miss the sky beast.
The sky beast is moderately wounded.
The sky beast barely misses you.
You hit the sky beast.
The sky beast is moderately wounded.
The sky beast hits you but does no damage.
You hit the sky beast.
The sky beast is heavily wounded.
The sky beast barely misses you.
You slash the sky beast!
The sky beast is severely wounded.
The sky beast hits you but does no damage.
You barely miss the sky beast.
The sky beast is severely wounded.
The sky beast barely misses you.
You hit the sky beast.
The sky beast is severely wounded.
The sky beast hits you but does no damage.
You closely miss the sky beast.
The sky beast is severely wounded.
The sky beast barely misses you. The sky beast hits you.
* * * LOW HITPOINT WARNING * * *
The sky beast shocks you.
* * * LOW HITPOINT WARNING * * *
You closely miss the sky beast.
The sky beast is severely wounded.
The sky beast hits you.
You die...

...'....# ..
...##...####... ?.
............# ## .##
.#.##.#.....# .# ..#
....#.#.....# .+ ..#
.####'#.###.# $# ..##+#
.##.....##..#..# .....
###.†..>....#..###..#
........######.Y@...#####
).............###...#8..#
....#.#.####.....#####..##
........# #.............#
........# #######......##
........# #......#
........# #......###
.#......# #........#
.######.# #......#.#


You could see a sky beast.

Vanquished Creatures
  Natasha (D:3)
  7 endoplasms
  5 giant cockroaches
  A goblin (D:1)
  4 hobgoblins
  2 jackals (D:2)
  4 quokkas
  3 ball pythons
  2 bats (D:1)
  2 kobolds
  4 rats
35 creatures vanquished.

Vanquished Creatures (others)
  3 plants (D:1)
3 creatures vanquished.

Grand Total: 38 creatures vanquished

Notes
Turn   | Place    | Note
-------+----------+-------------------------------------------
     0 | D:1      | Mickster the Ghoul Monk began the quest for the Orb.
     0 | D:1      | Reached XP level 1. HP: 19/19 MP: 0/0
   375 | D:1      | Reached XP level 2. HP: 27/27 MP: 1/1
   601 | D:2      | Reached XP level 3. HP: 28/33 MP: 2/2
  1535 | D:3      | Noticed Natasha
  1548 | D:3      | Killed Natasha
  1549 | D:3      | Reached skill level 4 in Fighting
  1549 | D:3      | Reached XP level 4. HP: 28/40 MP: 3/3
  1700 | D:3      | Reached skill level 1 in Long Blades
  1738 | D:3      | Noticed a sky beast
  1750 | D:3      | HP: 1/40 [sky beast (5)]
  1763 | D:3      | Slain by a sky beast

Illustrated notes

Levels and vault maps discovered:
D:1:      saegor_arrival_miasma, layout_loops_ring, serial_bayou,
          serial_bayou_shore_b, serial_bayou_shore_b, serial_bayou_pond_b,
          serial_bayou_pond_e
D:2:      minmay_door_path, layout_basic, minmay_tromino_v4_c
D:3:      layout_basic, shapermc_ecumenical_altar_mp_vishouse, uniq_grinder,
          uniq_natasha

Skill      XL: |  1  2  3  4 |
---------------+-------------+-----
Axes           | 3 |  3.2
Fighting       | 4 |  4.1
Long Blades    | 1 |  1.0
Armour         | |  0.7
Dodging        | |  2.9
Stealth        | |  2.3

Action                   |  1- 3 |  4- 6 || total
-------------------------+-------+-------++-------
Melee: Hand axe          |    77 |    11 ||    88
       Triple sword      |    16 |    16 ||    32
  Use: Potion            |     3 |     1 ||     4
       Scroll            |     5 |       ||     5
Armor: Chain mail        |    75 |    25 ||   100
       Robe              |     3 |       ||     3
       Ring mail         |     2 |       ||     2
Dodge: Dodged            |    44 |    11 ||    55
